[Event "VII GM Barcelona CC 2022"]
[Site "Barcelona"]
[Date "2022.05.11"]
[Round "3.1"]
[White "Rodriguez Lopez, Rafael"]
[Black "Pajeken, Jakob Leon"]
[Result "0-1"]
[ECO "B92"]
[WhiteElo "2176"]
[BlackElo "2398"]
[Annotator "TA"]
[PlyCount "144"]
[EventDate "2022.05.10"]
[EventType "tourn"]
[EventCountry "ESP"]
[SourceTitle "playchess.com"]
[Source "ChessBase"]
[SourceQuality "1"]
[TimeControl "5400+30"]

1. e4 c5 2. Nf3 d6 3. d4 cxd4 4. Nxd4 Nf6 5. Nc3 a6 6. Be2 e5 7. Nf3 Be7 8. Bg5 Be6 {[%emt 0:00:08] B92: Sicilian Najdorf: 6 Be2.} 9. Bxf6 Bxf6 10. O-O {[%emt 0:00:22] 10.0-0 scores better than 10.Nd5.} Be7 {[%emt 0:01:15] The position is equal.} 11. Nd5 Nd7 12. Bc4 b5 13. Bb3 Nc5 {[%emt 0:01:26] [#]} 14. Nxe7 $146 ({Predecessor:} 14. Re1 O-O 15. Qd2 Rc8 16. c3 a5 17. Rad1 h6 18. h3 Re8 19. Bc2 Bxd5 20. Qxd5 {½-½ (42) Feco,J (2458)-Yakovlev,O (2397) ICCF email 2019}) 14... Qxe7 15. Bxe6 Qxe6 16. Qe2 O-O 17. Rfd1 Rfd8 18. b3 Qg4 19. Re1 Ne6 20. Nd4 Qxe2 21. Nxe2 Rac8 22. c3 d5 23. exd5 Rxd5 24. Red1 Rcd8 25. Rxd5 Rxd5 $11 {[%emt 0:00:04][%mdl 4096] Endgame KRN-KRN} 26. Kf1 Nc5 27. Ke1 Nd3+ 28. Kf1 Nc5 29. Ke1 $1 Nd3+ 30. Kf1 f5 31. Rd1 Kf7 32. Nc1 Nf4 {[%emt 0:00:58][%cal Rd5d1] [#]} 33. Rxd5 Nxd5 $15 {[%emt 0:00:04] KN-KN} 34. Ne2 $1 Ke6 35. Ke1 g5 36. g3 Nf6 ({Better is} 36... g4 $17) 37. f3 $1 f4 38. gxf4 gxf4 39. Kd2 Nd7 40. Ng1 Kf5 41. Nh3 Nc5 42. b4 Ne6 43. Kd3 $1 h5 44. c4 $1 bxc4+ 45. Kxc4 e4 46. fxe4+ Kxe4 {[%emt 0:00:11] White must now prevent ...f3.} 47. a4 f3 {[%emt 0:00:39] Hoping for ...Ke3.} 48. b5 axb5+ 49. axb5 Nd8 50. Kc5 Ke3 51. Kb6 $2 {[%emt 0:00:31][%mdl 8192] [#]} (51. b6 $11) 51... Ne6 $2 (51... h4 $1 $19 52. Ka5 f2 53. Nxf2 Kxf2) 52. Ka5 $11 Ng5 53. b6 {[%emt 0:02:11] aiming for b7.} Nxh3 $4 {[%emt 0:00:11][%mdl 8192] KN-KPP} (53... Ne6 $11) 54. b7 f2 55. b8=Q f1=Q 56. Qe5+ Kd2 57. Qxh5 Nf4 $2 (57... Qa1+ $11 58. Kb5 Qb2+ 59. Kc6 Qf6+ 60. Kb7 Qe7+ 61. Kb6 Qd8+ 62. Ka6 Qc8+ 63. Kb6 Qd8+ 64. Ka6 Qd6+ 65. Kb7 Qe7+ 66. Kc8 Qe6+ 67. Kb7 Qe4+ 68. Kb8 Qf4+ 69. Kb7 Qe4+ 70. Kb8 Qb4+ 71. Kc7 Nf4) 58. Qb5 $2 (58. Qe5 $11) 58... Qa1+ 59. Kb6 $2 (59. Qa4 $11 Qe5+ 60. Ka6) 59... Qd4+ 60. Qc5 Qd8+ (60... Nd5+ $11 61. Kc6 Qxc5+ 62. Kxc5 Nf6) 61. Kb5 $2 (61. Ka7 $11) 61... Nd3 62. Qb6 $2 (62. Qc4 $11) 62... Qd5+ 63. Ka6 Nc5+ 64. Ka5 Nd7+ $2 (64... Nd3+ $11 65. Qb5 Qd4) 65. Qb5 Qa8+ $2 (65... Qa2+ $11 66. Kb4 Qb1+ 67. Ka4 Qa2+ 68. Kb4 Qb2+ 69. Ka4 Qa2+ 70. Kb4) 66. Kb4 Qe4+ $2 (66... Qf8+ $11 67. Kb3 Qf7+ 68. Ka3 Qf3+ 69. Ka2 Qa8+ 70. Kb3 Qg8+ 71. Ka3 Qa8+ 72. Kb4 Qe4+ 73. Ka3 Qf3+ 74. Ka2 Qf7+ 75. Ka3 Qf3+) 67. Qc4 Qe7+ $2 (67... Qe5 $11) 68. Kb5 $2 (68. Kb3 $11) 68... Qg5+ $2 (68... Qe5+ $11 69. Kc6 Nf6) 69. Kb4 Qe7+ $2 (69... Qe5 $11) 70. Kb5 $2 (70. Kb3 $11) 70... Qe5+ 71. Ka6 $2 (71. Kc6 $11) 71... Qd6+ 72. Kb7 $2 (72. Kb5 $11) 72... Qb8+ {[%emt 0:00:04] Weighted Error Value: White=0.13 (very precise) /Black=0.22 (precise)} 0-1

[Event "VII GM Barcelona CC 2022"]
[Site "Barcelona"]
[Date "2022.05.11"]
[Round "3.2"]
[White "Gines Esteo, Pedro Antonio"]
[Black "Munoz, Miguel"]
[Result "1-0"]
[ECO "B31"]
[WhiteElo "2434"]
[BlackElo "2421"]
[Annotator "TA"]
[PlyCount "65"]
[EventDate "2022.05.10"]
[EventType "tourn"]
[EventCountry "ESP"]
[SourceTitle "playchess.com"]
[Source "ChessBase"]
[SourceQuality "1"]
[TimeControl "5400+30"]

1. e4 c5 2. Nf3 Nc6 3. Bb5 g6 4. Bxc6 dxc6 5. d3 Bg7 6. Nc3 Nf6 7. h3 Nd7 8. Be3 e5 9. Qd2 Qe7 10. Bh6 Bxh6 {[%emt 0:00:17] has lost popularity (10...f6).} 11. Qxh6 f6 {[%emt 0:00:10] B31: Sicilian: 2...Nc6 3 Bb5 g6.} 12. Nd2 Nf8 13. f4 exf4 {[%emt 0:00:09] White is slightly better.} 14. Qxf4 Ne6 15. Qh4 Nd4 16. O-O-O Be6 17. Rhf1 Rf8 18. Rde1 {[%emt 0:00:59] [#]} Qg7 $146 {[%emt 0:01:39] [#] White stays focused until the end.} ({Better is} 18... O-O-O $14) ({Predecessor:} 18... O-O-O 19. e5 g5 20. exf6 Rxf6 21. Qe4 Rxf1 22. Rxf1 Qg7 23. Qe3 b6 {½-½ (52) Pospisil,L (2488)-Jaulneau,C (2516) ICCF email 2017}) 19. Nd5 $1 $16 g5 20. Qf2 {[%emt 0:00:29][%cal Rd5f6] White is more active.} (20. Qh5+ Kd7 21. Ne3 Rad8 $14) 20... O-O-O (20... f5 $16 {is a better defense.}) 21. Nxf6 $18 Bxa2 22. b3 {[%emt 0:07:18] And now Kb2 would win.} Qe7 $2 {[%emt 0:05:35] [#]} (22... c4) 23. Kb2 $2 (23. e5 $1 $18) 23... b5 $2 24. e5 (24. Kxa2 Nxc2 25. e5 (25. Qf5+ Kb7 $17) 25... c4 26. dxc4 Qa3+ 27. Kb1 Nb4 $14) 24... a5 25. Nf3 {[%emt 0:08:14] The board is on fire. Pair of Knights!} (25. Kxa2 Nxc2 26. Nde4 Nxe1 27. Qxe1 Rd4 $18) 25... a4 $2 (25... Bxb3 26. Nxd4 (26. cxb3 Nxb3 27. Qe3 a4 $16) 26... Rxd4) 26. Nxd4 {[%emt 0:08:03] White is clearly winning.} cxd4 27. Kxa2 Qb4 28. Rb1 Rf7 29. bxa4 Qxa4+ 30. Kb2 {[%emt 0:00:04][%cal Ba2b2,Bb2c1,Bc1d1][%mdl 32] Black must now prevent Qd2.} Ra7 31. Kc1 Qa3+ 32. Kd1 Qa2 33. Rc1 {[%emt 0:00:40] Weighted Error Value: White=0.29 (precise) /Black=0.84} 1-0

[Event "VII GM Barcelona CC 2022"]
[Site "Barcelona"]
[Date "2022.05.11"]
[Round "3.3"]
[White "Alvarez Albiol, Victor"]
[Black "Del Prado Rodriguez, Xulio"]
[Result "1/2-1/2"]
[ECO "C47"]
[WhiteElo "2328"]
[BlackElo "2326"]
[Annotator "TA"]
[PlyCount "37"]
[EventDate "2022.05.10"]
[EventType "tourn"]
[EventCountry "ESP"]
[SourceTitle "playchess.com"]
[Source "ChessBase"]
[SourceQuality "1"]
[TimeControl "5400+30"]

1. e4 e5 2. Nf3 Nc6 3. Nc3 Nf6 4. d4 exd4 5. Nxd4 Bb4 6. Nxc6 bxc6 7. Bd3 d5 8. Bd2 O-O 9. O-O Bxc3 {[%emt 0:17:37] C47: Scotch Four Knights and Four Knights with 4 g3.} 10. Bxc3 dxe4 $1 {[%emt 0:00:39][%mdl 4] is now more promising than 10...Nxe4.} 11. Bxf6 {[%emt 0:01:05][%mdl 64] [#] Remove Defender} Qxf6 12. Bxe4 Ba6 13. Re1 (13. c4 $5) 13... Qxb2 {[%emt 0:03:10] [#] The position is equal.} 14. Rb1 $146 ({Predecessor:} 14. Qd7 Rae8 15. Bxc6 Rxe1+ 16. Rxe1 Qxc2 17. Bd5 h6 18. h3 Bc4 19. Bxc4 Qxc4 20. Qd2 c5 21. Re7 Qb5 22. Rxa7 Qb1+ {0-1 (22) Khripachenko,A (2210)-Nesterov,A (2483) Tuapse 2021}) 14... Qf6 15. Qd7 Bc4 16. a3 ({Avoid the trap} 16. Bxc6 $2 Rad8 17. Qxc7 Rc8 18. Qxa7 Qxc6 $19) 16... Bd5 17. Bxd5 cxd5 18. Qxd5 g6 19. Qc5 {[%emt 0:03:22] A balanced but interesting game.  Weighted Error Value: White=0.05 (flawless) /Black=0.03 (flawless)} 1/2-1/2

[Event "VII GM Barcelona CC 2022"]
[Site "Barcelona"]
[Date "2022.05.11"]
[Round "3.4"]
[White "Gonzalez Perez, Arian"]
[Black "Roshka, Yevgeniy"]
[Result "1/2-1/2"]
[ECO "C07"]
[WhiteElo "2415"]
[BlackElo "2468"]
[Annotator "TA"]
[PlyCount "38"]
[EventDate "2022.05.10"]
[EventType "tourn"]
[EventCountry "ESP"]
[SourceTitle "playchess.com"]
[Source "ChessBase"]
[SourceQuality "1"]
[TimeControl "5400+30"]

1. e4 e6 2. d4 d5 3. Nd2 c5 4. exd5 Qxd5 5. Ngf3 cxd4 6. Bc4 Qd7 {[%emt 0:00:05] C07: French Tarrasch: 3...c5, 4 Ngf3 and 4 exd5 Qxd5.} 7. O-O Nc6 8. Nb3 a6 9. Nbxd4 Nxd4 10. Qxd4 Qxd4 11. Nxd4 {[%emt 1:18:37] [#] A rather calm draw.  Weighted Error Value: White=0.01 (flawless) /Black=0.00 (flawless)} {Predecessor:} Nf6 $146 12. Be2 e5 13. Nb3 Be6 14. Rd1 Rc8 15. c3 Be7 16. Bf3 e4 17. Be2 O-O 18. Nd4 Bg4 19. Bxg4 Nxg4 {1-0 (51) Salem,A (2660)-Goganov,A (2612) St Petersburg 2018} 1/2-1/2

[Event "VII GM Barcelona CC 2022"]
[Site "Barcelona"]
[Date "2022.05.11"]
[Round "3.5"]
[White "Movsziszian, Karen"]
[Black "Sosa, Tomas"]
[Result "1-0"]
[ECO "A00"]
[WhiteElo "2467"]
[BlackElo "2552"]
[Annotator "TA"]
[PlyCount "161"]
[EventDate "2022.05.10"]
[EventType "tourn"]
[EventCountry "ESP"]
[SourceTitle "playchess.com"]
[Source "ChessBase"]
[SourceQuality "1"]
[TimeControl "5400+30"]

1. g3 e5 2. Bg2 d5 3. d3 Nc6 4. a3 Be6 5. b4 Qd7 6. Bb2 f6 7. Nd2 h5 8. h4 Nh6 9. Ngf3 a5 10. c3 Rd8 11. Qa4 axb4 12. axb4 Bd6 13. e4 dxe4 14. Nxe4 Be7 15. Rd1 b5 (15... O-O $11 {keeps the balance.}) 16. Qxb5 $16 O-O 17. O-O Bb3 18. Ra1 Rb8 19. Qa6 Rb6 (19... Ng4 $14 {might be stronger.}) 20. Qa3 $16 Be6 21. Rfd1 Nb8 22. Qa7 Bd5 23. Rd2 Ng4 24. Qa4 Qe6 25. Qd1 Nd7 26. Ra5 Bb7 (26... c6 $16 {was worth a try.} 27. Re2 Rbb8) 27. Re2 $18 Qf7 28. Bc1 Qg6 29. Qa4 Bc6 30. Qa2+ Kh8 31. Ra7 Bd8 (31... f5 $16 {keeps fighting.}) 32. Be3 $18 Nxe3 33. Rxe3 Re8 34. Re2 Rb8 35. Kh2 Nb6 36. c4 Nc8 37. Ra6 Bb7 38. Ra4 Be7 (38... Nb6 $142) 39. b5 (39. c5 $18) 39... Bxe4 40. Rxe4 (40. dxe4 $6 Nb6 $16) 40... Nd6 {[%emt 0:00:19] [#]} 41. Re3 (41. Ra6 $1 $18) 41... Nf5 $16 {[%emt 0:00:04] [#]} 42. Re2 $1 Rbd8 $2 {[%emt 0:01:57] [#]} (42... Bc5 $16 {might work better.}) 43. Ra6 $1 $18 Qh7 44. Qc2 Nh6 45. Ne1 Ng4+ 46. Kg1 g5 $2 (46... Bc5 {was necessary.} 47. Rc6 Bd4) 47. hxg5 $18 h4 48. gxh4 Qxh4 49. Nf3 Qh5 50. Rc6 Ra8 51. Re1 (51. Rxc7 Ra1+ 52. Re1 e4 53. Rxe7 (53. Rxa1 $2 exf3 54. Bxf3 Qh2+ 55. Kf1 Ne3+ 56. fxe3 Qxc2 $19) 53... Rxe1+ 54. Nxe1 Rxe7 55. gxf6 (55. Bxe4 Qh2+ 56. Kf1 Qh3+ 57. Kg1 Qh2+ 58. Kf1 Qh3+ 59. Ke2 f5 $11) 55... e3 56. fxe7 exf2+ 57. Kf1 Ne3+ 58. Kxf2 Nxc2 59. Nxc2 Qh4+ 60. Ke2 Qxe7+ 61. Be4 Qe5 $14) 51... fxg5 (51... e4 {was called for.} 52. dxe4 Ra3) 52. Re6 (52. Rxc7 Bb4 53. Rb1 Rf8 $18) 52... Bc5 53. Rxe8+ Rxe8 54. d4 $1 Bb4 55. Re2 Ra8 56. Qb2 Be7 57. c5 Rf8 58. b6 cxb6 59. cxb6 e4 60. Rxe4 Bd6 61. Qe2 (61. b7 $142) 61... Nf6 $2 (61... Bh2+ 62. Kf1 Nxf2 63. Qxf2 Qg6) 62. Re6 $18 Bf4 63. b7 g4 64. Ne5 Qh2+ 65. Kf1 Qh7 66. Qd3 ({Less strong is} 66. Rxf6 Qb1+ 67. Qe1 Qb5+ 68. Kg1 (68. Qe2 Qb1+ 69. Qe1 Qb5+ 70. Kg1 Rxf6 $16) 68... Rxf6 $18) (66. Qb2 $142 {[%cal Oe6f6] Rxf6! would kill now.} Bxe5 67. dxe5) 66... Qc7 67. Rc6 Bxe5 68. Rxc7 Bxc7 69. Qg6 Bb8 70. Ke2 Re8+ 71. Kd3 Rf8 72. Bc6 Bf4 73. Bb5 Bb8 74. Bc4 Bc7 75. Be6 Bb8 76. Kc4 Bc7 77. Kb5 Bb8 78. Kc6 Bf4 79. d5 Bb8 80. d6 Nh7 81. Qxg4 1-0

[Event "VII GM Barcelona CC 2022"]
[Site "Barcelona"]
[Date "2022.05.12"]
[Round "4.1"]
[White "Pajeken, Jakob Leon"]
[Black "Sosa, Tomas"]
[Result "1-0"]
[ECO "D35"]
[WhiteElo "2398"]
[BlackElo "2552"]
[Annotator "TA"]
[PlyCount "57"]
[EventDate "2022.05.10"]
[EventType "tourn"]
[EventCountry "ESP"]
[SourceTitle "playchess.com"]
[Source "ChessBase"]
[SourceQuality "1"]
[TimeControl "5400+30"]

1. d4 d5 2. c4 e6 3. Nc3 Nf6 4. cxd5 exd5 5. Bg5 Be7 6. e3 O-O 7. Bd3 c6 8. h3 {[%emt 0:00:47] D35: Queen's Gambit Declined: Exchange Variation.} Re8 9. Nf3 Ne4 10. Bf4 {[%emt 0:00:28] The position is equal.} (10. Nxe4 $2 dxe4 11. Bxe7 Qxe7 12. Bxe4 Qxe4 $19) 10... Bf5 11. Qc2 Nd7 12. O-O ({Much weaker is} 12. Nxe4 dxe4 13. Bc4 (13. Bxe4 $2 Bxe4 14. Qd2 Nf8 $19) 13... Nb6 $15) 12... Bf6 13. Nd2 Nxd2 14. Qxd2 {[%emt 0:00:09] [#]} Bxd3 $146 ({Predecessor:} 14... Bg6 15. Rfe1 Nf8 16. Rad1 Ne6 17. Bg3 Bxd3 18. Qxd3 g6 19. b4 a6 20. a4 Bg7 {0-1 (32) Kostelny,J (2205)-Kral,P (2084) Slovakia 2017}) 15. Qxd3 Nb6 16. Rfe1 Nc4 17. b3 Nd6 18. f3 g6 19. Rad1 Bg7 (19... Nf5 $142) 20. e4 $11 dxe4 21. fxe4 Qe7 {[%emt 0:01:01] [#]} (21... Nf5 $14) 22. e5 $1 $16 {[%emt 0:06:48] White is more active.} Nf5 (22... Nc8 $16 {was necessary.} 23. Ne4 Rf8) 23. g4 $18 Nh4 24. Ne4 {[%emt 0:01:24] Threatens to win with Bg5.} h6 {[%emt 0:02:59] Against Bg5} 25. Bg3 {[%emt 0:10:05] Black must now prevent Rf1.} Rad8 26. Rf1 {[%emt 0:02:08] Hoping for Nf6+.} f5 $2 (26... g5 {is tougher.} 27. Bxh4 (27. Nd6 Rf8 $16) 27... gxh4) 27. exf6 {[%emt 0:00:17] White is clearly winning.} Qxe4 {[%emt 0:00:15][%csl Gh4][%cal Re4g2] [#]} 28. Bxh4 Qxd3 29. Rxd3 {[%emt 0:00:08] Weighted Error Value: White=0.04 (flawless) /Black=0.28 (precise)} 1-0

[Event "VII GM Barcelona CC 2022"]
[Site "Barcelona"]
[Date "2022.05.12"]
[Round "4.2"]
[White "Roshka, Yevgeniy"]
[Black "Movsziszian, Karen"]
[Result "1/2-1/2"]
[ECO "E70"]
[WhiteElo "2468"]
[BlackElo "2467"]
[Annotator "TA"]
[PlyCount "78"]
[EventDate "2022.05.10"]
[EventType "tourn"]
[EventCountry "ESP"]
[SourceTitle "playchess.com"]
[Source "ChessBase"]
[SourceQuality "1"]
[TimeControl "5400+30"]

1. d4 d6 2. c4 g6 3. Nc3 Bg7 4. e4 Nf6 5. h4 c5 6. d5 {[%emt 0:00:11] E70: King's Indian: Miscellaneous lines with 4 e4, including 5 Nge2 and 5 Bd3 0-0 6 Nge2.} e6 7. Be2 exd5 8. exd5 h5 9. Nf3 O-O 10. O-O {[%emt 0:08:14] [#]} Bg4 $146 ({Predecessor:} 10... Re8 11. Ng5 Nbd7 12. Bf4 Ne5 13. Qd2 Bf5 14. Rfe1 a6 {½-½ (14) Schekachikhin,M (2424)-Fedorov,A (2529) Cheliabinsk 2022}) 11. Ng5 Bxe2 12. Qxe2 Re8 13. Qc2 Nbd7 14. Bf4 Ne5 15. b3 a6 16. a4 {[%emt 0:02:13] Against b5} Nh7 17. Rae1 Qd7 18. Bg3 Re7 19. Re3 Rae8 20. Rfe1 $1 Ng4 21. Rxe7 Rxe7 22. Rxe7 Qxe7 {[%emt 0:00:02][%cal Re7e1] [#]} 23. Qe4 {[%emt 0:00:21] Prevents Qe1+.} (23. Qe2 $5 Qd8 24. Nce4 (24. Nxf7 Qd7 $14) 24... Nxg5 25. hxg5 $14) 23... Qd7 24. Ne2 ({White should try} 24. Qe1 $11) 24... Nhf6 25. Qd3 Qe7 26. f3 Nh6 27. Bf4 Nf5 28. g3 Nd7 29. Qe4 {[%emt 0:00:36] [#] Qxe7 is the strong threat.} Ne5 30. Bd2 {[%emt 0:05:07] The position is equal.} Qd7 31. a5 $1 Qd8 32. Kg2 Qd7 33. Bc3 Bf6 34. Nf4 Bg7 35. Kf2 Bf6 36. Kg2 Bg7 {[%emt 0:00:06][%cal Oe5c4] White must now prevent ...Nxc4!} 37. Kf2 Bf6 38. Kg2 Bg7 {[%emt 0:00:05][%cal Oe5c4] And now ...Nxc4! would win.} 39. Ne2 Bf6 {[%emt 0:01:43] Weighted Error Value: White=0.08 (flawless) /Black=0.05 (flawless)} 1/2-1/2

[Event "VII GM Barcelona CC 2022"]
[Site "Barcelona"]
[Date "2022.05.12"]
[Round "4.3"]
[White "Del Prado Rodriguez, Xulio"]
[Black "Gonzalez Perez, Arian"]
[Result "0-1"]
[ECO "E73"]
[WhiteElo "2326"]
[BlackElo "2415"]
[Annotator "TA"]
[PlyCount "80"]
[EventDate "2022.05.10"]
[EventType "tourn"]
[EventCountry "ESP"]
[SourceTitle "playchess.com"]
[Source "ChessBase"]
[SourceQuality "1"]
[TimeControl "5400+30"]

1. d4 Nf6 2. c4 g6 3. Nc3 Bg7 4. e4 d6 5. Be2 O-O 6. Be3 c5 7. d5 e6 8. Nf3 {[%emt 0:00:23] E73: King's Indian: Averbakh Variation without 6...c5.} exd5 9. cxd5 a6 10. a4 {[%emt 0:01:01] Against b5. White is slightly better.} Bg4 11. Nd2 Bxe2 12. Qxe2 Re8 13. f3 Nbd7 14. O-O Rc8 15. Kh1 {[%emt 0:05:33] [#]} Qc7 $146 ({Predecessor:} 15... Qe7 16. Rae1 Nf8 17. Nc4 N6d7 18. Bf4 Ne5 19. Bxe5 Bxe5 20. f4 Bxc3 21. bxc3 b5 22. axb5 axb5 {½-½ (41) Kraidman,Y-Romm,M Nathanya 1973}) 16. a5 Ra8 17. Ra3 Rab8 18. Rb1 Nh5 {[%emt 0:02:18] [#]} 19. g4 $1 {[%emt 0:08:35] Against f5} Nhf6 20. h3 h5 21. Nc4 (21. g5 $16) 21... b5 $14 22. axb6 $1 Nxb6 23. Rxa6 $2 (23. Nd2 $14 {keeps the upper hand.}) 23... Nxc4 $19 24. Qxc4 Rb4 $36 {[%emt 0:00:19][%mdl 2048] Black is in control.} 25. Qd3 hxg4 26. hxg4 Reb8 ({Better is} 26... Nd7 $17 27. Qc2 (27. Nb5 $2 Qd8 $19) 27... Reb8) 27. Nd1 {[%emt 0:05:19] [#]} (27. Bf4 $11 {keeps the balance.} Ne8 28. Ra3) 27... Nd7 (27... Qe7 $1 $17 {[%cal Rf6e4] ...Nxe4! is the strong threat.} 28. Ra3 Nd7) 28. Bd2 (28. Qe2 $15) 28... Ne5 ({Black should try} 28... Rb3 29. Qe2 Qd8) 29. Qf1 (29. Qe2 $17 Rb3 30. Bc3) 29... Rb3 30. Bc3 (30. Nc3 {was worth a try.}) 30... Qe7 {[%emt 0:00:53] Strongly threatening ...Qh4+.} 31. Rba1 c4 {[%emt 0:08:25] White must now prevent ...Qh4+.} 32. Ra8 $2 (32. Qg2 Nd3 33. Ra7) 32... Qh4+ 33. Kg2 Nd3 34. Qg1 Nf4+ 35. Kf1 Qh3+ 36. Kf2 {[%emt 0:00:19] [#]} Bd4+ $1 {[%emt 0:00:08][%mdl 576] Skewer. Black mates.} 37. Ne3 Bxc3 {[%emt 0:01:05][%mdl 64] Remove Defender} 38. bxc3 Rb2+ 39. Nc2 Rxc2+ 40. Ke3 Ng2+ {[%emt 0:01:48] Weighted Error Value: White=0.86/Black=0.15 (very precise)} 0-1

[Event "VII GM Barcelona CC 2022"]
[Site "Barcelona"]
[Date "2022.05.12"]
[Round "4.4"]
[White "Munoz, Miguel"]
[Black "Alvarez Albiol, Victor"]
[Result "1/2-1/2"]
[ECO "C51"]
[WhiteElo "2421"]
[BlackElo "2328"]
[Annotator "TA"]
[PlyCount "29"]
[EventDate "2022.05.10"]
[EventType "tourn"]
[EventCountry "ESP"]
[SourceTitle "playchess.com"]
[Source "ChessBase"]
[SourceQuality "1"]
[TimeControl "5400+30"]

1. e4 e5 2. Nf3 Nc6 3. Bc4 Bc5 4. b4 Bxb4 5. c3 Be7 6. d4 Na5 7. Nxe5 Nxc4 8. Nxc4 d5 9. exd5 Qxd5 10. Ne3 Qd8 11. O-O Nf6 12. c4 O-O {[%emt 0:00:33] The position is equal.} 13. Bb2 {[%emt 0:00:05] C51: Evans Gambit: Declined and Accepted without 5...Ba5.} c6 14. Nd2 Be6 {[%emt 1:25:34] [#]} 15. Nb1 $146 ({White should play} 15. a4 $11) ({Predecessor:} 15. Qf3 Qb6 16. Rab1 Qa5 17. Ne4 Nxe4 18. Qxe4 Rfe8 19. d5 cxd5 20. cxd5 Bd7 21. Qf4 Qxa2 {0-1 (42) Desnica,L (1431)-Baric,M (1596) Nasice 2017}) 1/2-1/2

[Event "VII GM Barcelona CC 2022"]
[Site "Barcelona"]
[Date "2022.05.12"]
[Round "4.5"]
[White "Rodriguez Lopez, Rafael"]
[Black "Gines Esteo, Pedro Antonio"]
[Result "0-1"]
[ECO "B11"]
[WhiteElo "2176"]
[BlackElo "2434"]
[Annotator "TA"]
[PlyCount "74"]
[EventDate "2022.05.10"]
[EventType "tourn"]
[EventCountry "ESP"]
[SourceTitle "playchess.com"]
[Source "ChessBase"]
[SourceQuality "1"]
[TimeControl "5400+30"]

1. e4 c6 2. Nc3 d5 3. Nf3 dxe4 4. Nxe4 Nf6 5. Qe2 Nxe4 6. Qxe4 Qa5 {[%emt 0:00:18] B11: Caro-Kann: Two Knights Variation.} 7. Bc4 Bf5 8. Qe5 Qxe5+ {[%emt 0:01:00] The position is equal.} 9. Nxe5 e6 $1 10. Bb3 {[%emt 0:00:31] [#]} (10. d3 $5 ) 10... Na6 $146 ({Predecessor:} 10... Bd6 11. d4 Nd7 12. Nxd7 Kxd7 13. Be3 Kc7 14. c4 a5 15. a4 Rhd8 16. Ke2 b6 {0-1 (55) Matinian,N (2470)-Svane,R (2613) Chess.com INT 2021}) 11. g4 Bg6 (11... Be4 $5 12. O-O (12. f3 Bd5 $11) 12... f6 $11) 12. d4 Nb4 13. Nxg6 hxg6 14. Bd2 O-O-O (14... a5 $5 15. a3 Nd5 $11) 15. Bxb4 (15. c3 $5 ) 15... Bxb4+ 16. c3 Ba5 {[%emt 0:00:48] ...Rxd4 is the strong threat.} 17. Rd1 Rh3 18. Ke2 Bc7 19. Rd3 Rxh2 20. Rxh2 Bxh2 $15 {[%emt 0:00:03][%mdl 4096] Endgame KRB-KRB} 21. Rf3 {[%emt 0:01:14] Against Bf4} Rd7 22. c4 ({Better is} 22. g5 $15) 22... Kd8 $17 ({Don't play} 22... Rxd4 $6 23. Rxf7 Rd7 24. Rxd7 Kxd7 25. Bc2 $15) 23. Rd3 e5 (23... Bd6 $17) 24. d5 $15 e4 25. Rd2 Bf4 26. Rc2 c5 27. f3 (27. Rc3 $15) 27... e3 {[%emt 0:00:00] Black is more active.} 28. Rc1 Ke7 29. Bc2 Kf6 30. a3 Ke5 31. b4 {[%emt 0:00:28] [#]} (31. Rd1 $17) 31... Kd4 $1 $19 32. bxc5 Rd8 {[%emt 0:00:43] Hoping for ...Rh8.} 33. c6 $2 (33. Rb1 $2 Rh8 34. Bd1 Rh2+ 35. Ke1 Bg3+ 36. Kf1 Kxc5 37. Rxb7 Rf2+ 38. Kg1 Kxc4 $19) (33. Rh1 $17) 33... bxc6 $2 (33... Rh8 {( -> ...Rh2+)} 34. Re1 (34. Rd1+ $2 Kc3 $19) 34... Rh2+ 35. Kd1 Rd2+ 36. Kc1 e2) 34. dxc6 $2 (34. Rd1+ Kc3 35. Ba4) 34... Rh8 35. Rd1+ Kc3 {[%emt 0:00:15] Black mates.} 36. Bd3 Rh2+ 37. Kf1 Rh1+ {[%emt 0:00:12] Weighted Error Value: White=0.66/Black=0.38} 0-1

[Event "VII GM Barcelona CC 2022"]
[Site "Barcelona"]
[Date "2022.05.12"]
[Round "5.1"]
[White "Gines Esteo, Pedro Antonio"]
[Black "Pajeken, Jakob Leon"]
[Result "1-0"]
[ECO "A28"]
[WhiteElo "2434"]
[BlackElo "2398"]
[Annotator "TA"]
[PlyCount "71"]
[EventDate "2022.05.10"]
[EventType "tourn"]
[EventCountry "ESP"]
[SourceTitle "playchess.com"]
[Source "ChessBase"]
[SourceQuality "1"]
[TimeControl "5400+30"]

1. c4 e5 2. Nc3 Nf6 3. Nf3 Nc6 4. e4 Bb4 5. d3 d6 6. g3 O-O 7. Bg2 Bg4 {[%emt 0:03:27] A28: English Opening: Four Knights Variation.} 8. h3 (8. a3 {is more complex.} Bc5 9. b4 Bd4 10. Bd2) 8... Bxf3 9. Bxf3 {[%emt 0:00:28] [#]} Qd7 $146 {[%emt 0:01:57] The position is equal.} ({Predecessor:} 9... Nd4 10. Bg2 c6 11. O-O Nd7 12. h4 f5 13. exf5 Nxf5 14. Ne4 Bc5 15. Nxc5 Nxc5 16. b4 Ne6 17. b5 Qd7 18. bxc6 bxc6 {½-½ (33) Zhao,J (2601)-Wang,Y (2431) China 2018}) 10. Bg5 Qe6 11. O-O {[%emt 0:05:26] And now Nd5 would win.} Bxc3 ({Much less strong is} 11... Qxh3 12. Bxf6 gxf6 13. Bg4 $18) 12. bxc3 h6 ({Don't play} 12... Qxh3 13. Bxf6 Qh6 14. Bh4 $16) 13. Bxf6 Qxf6 14. Rb1 Rab8 15. Be2 Qg6 16. Bh5 Qg5 17. h4 Qe7 18. Bg4 g6 19. Bh3 Kg7 20. Qg4 b6 21. f4 exf4 (21... h5 $5 22. Qe2 exf4 $11) 22. gxf4 Kh7 23. Rbe1 Rbe8 24. Bg2 Nb8 ({Black should try} 24... Nd8 $14) 25. d4 h5 (25... Nd7 $142) 26. Qg3 $16 {[%emt 0:00:00] White is more active.} Qe6 $2 {[%emt 0:00:54] [#] This costs Black the game.} (26... Nc6 $16) 27. f5 $1 $18 Qxc4 28. e5 {[%emt 0:00:00] aiming for Be4.} dxe5 $2 (28... Rg8 29. fxg6+ fxg6) 29. Be4 Rg8 30. fxg6+ fxg6 31. Rf6 ({Not} 31. Qg5 Qe6 $14) 31... Kh8 32. Qg5 {[%emt 0:00:00][%cal Rg5h6] [#]} Re7 33. Bxg6 {[%emt 0:02:54] White mates.} Rh7 34. Qxe5 Nd7 35. Rf7+ $1 Nxe5 36. Rxh7# {[%emt 0:02:12] Weighted Error Value: White=0.06 (flawless) /Black=0.51} 1-0